AoeStats
← Bandolero

Arabia

508553004Analyzed
1v1 RM · 8d ago on Sep 23, 2026· 41m 51s· 2 players
Game mode
Random Map
Map size
Tiny (2 player)
Population
200
Speed
Normal
Resources
Standard
Victory
Conquest
Starting age
Dark Age
Ending age
Imperial Age
RankedLock teamsTeams togetherTeam positionsShared explorationLock speedFull tech treeHidden civsTurbo modeCheats
Victory
Defeat
🇦🇷 Maya · Argentina
1331
+14
🇨🇦 Varangians · Canada
1291
-14
Manan369
10:41 Feudal Age
16:04 Castle Age
14:42 Double-Bit Axe
16:13 Horse Collar
17:02 Gold Mining
18:23 Bloodlines
20:29 Bow Saw
21:47 Wheelbarrow
22:59 Scale Barding Armor
23:45 Fletching
26:07 Chain Barding Armor
27:14 Loom
28:09 Town Watch
29:22 Forging
28:41 Vendel Legacy
29:31 Town Watch
32:18 Padded Archer Armor
32:56 Iron Casting
32:58 Hand Cart
34:31 Husbandry
38:34 Imperial Age
36:19 Heavy Plow
36:10 Stone Mining
36:35 Bodkin Arrow
37:02 Padded Archer Armor
38:29 Stone Shaft Mining
37:19 Elite Skirmisher
38:33 Leather Archer Armor
38:42 Cavalier
39:59 Plate Barding Armor
39:24 Bracer
40:17 Ring Archer Armor
41:21 Blast Furnace
40:47 Conscription
41:53 Ballistics
42:33 Chemistry
Bandolero
0:30 Loom
9:32 Feudal Age
10:13 Double-Bit Axe
13:00 Fletching
20:10 Castle Age
19:00 Gold Mining
19:06 Horse Collar
20:07 Padded Archer Armor
20:12 Crossbowman
22:23 Bodkin Arrow
24:52 Wheelbarrow
24:21 Town Watch
27:26 Bow Saw
28:42 Ballistics
29:40 Stone Mining
34:45 Imperial Age
35:40 Hand Cart
34:48 Arbalester
36:32 Bracer
37:31 Conscription
37:46 Leather Archer Armor
40:39 Chemistry
40:16 Ring Archer Armor
41:28 Thumb Ring
42:03 Stone Shaft Mining
42:31 Two-Man Saw
Connection lost

Rejoining the realm…

Still unreachable

The connection could not be restored.

Session expired

The server has moved on; the page needs a fresh start.